 Dungeon Crawl Stone Soup version 0.27-a0-836-gfc908b8576 (webtiles) character file.

Game seed: 3500270917702920584

114 leviel the Shield-Bearer (level 4, -3/29 HPs)
             Began as a Gargoyle Fighter on Apr 1, 2021.
             Was an Initiate of the Shining One.
             Slain by a gnoll
             ... wielding a +0 flail
              (4 damage)
             ... on level 3 of the Dungeon.
             The game lasted 00:03:20 (1845 turns).

leviel the Shield-Bearer (Gargoyle Fighter)         Turns: 1845, Time: 00:03:20

Health: -3/29      AC: 10    Str: 20    XL:     4   Next: 97%
Magic:  4/4        EV:  7    Int:  9    God:    the Shining One [......]
Gold:   94         SH:  9    Dex:  9    Spells: 3/3 levels left

rFire    . . .     SeeInvis .   a - +0 long sword
rCold    . . .     Faith    .   c - +0 kite shield
rNeg     + . .     Spirit   .   b - +0 scale mail
rPois    ∞         Reflect  .   (no helmet)
rElec    +         Harm     .   (no cloak)
rCorr    .         Rampage  .   (no gloves)
Will     .....                  (no boots)
Stlth    ..........             (no amulet)
HPRegen  0.09/turn              (no ring)
MPRegen  0.09/turn              (no ring)

@: glowing
A: AC +3, negative energy resistance 1, electricity resistance, torment
resistance 1, unbreathing 1, petrification resistance
a: Renounce Religion


You were on level 3 of the Dungeon.
You worshipped the Shining One.
The Shining One was noncommittal.
You visited 1 branch of the dungeon, and saw 3 of its levels.

You collected 94 gold pieces.

Inventory:

Hand Weapons
 a - a +0 long sword (weapon)
Missiles
 h - 3 silver javelins (quivered)
Armour
 b - a +0 scale mail (worn)
 c - a +0 kite shield (worn)
Jewellery
 f - a ring of willpower
Scrolls
 e - 4 scrolls of identify {unknown}
 k - a scroll of fog {unknown}
Potions
 d - a potion of might
 g - a potion of flight {unknown}
 i - 2 potions of resistance {unknown}
 j - a potion of degeneration {unknown}
 l - a potion of cancellation {unknown}


   Skills:
 + Level 3.7 Fighting
 * Level 3.2 Long Blades
 + Level 0.9 Throwing
 + Level 3.7 Armour
 + Level 0.2 Dodging
 + Level 3.9 Shields


You had 3 spell levels left.
You didn't know any spells.
Your spell library was empty.

Dungeon Overview and Level Annotations

Branches:
Dungeon (3/15)

Altars:
Dithmenos
Okawaru
Sif Muna
Trog
The Shining One


Innate Abilities, Weirdness & Mutations

Your stone body is resilient. (AC +3)
You are immune to poison.
You resist negative energy. (rN+)
You are resistant to electric shocks. (rElec)
You are resistant to unholy torment.
You can survive without breathing.
You are immune to petrification.


Message History

You block the gnoll's attack. The gnoll hits you with a +0 flail.
The gnoll hits you from afar with a +0 spear.
The gnoll hits you but does no damage. x2
You slash the gnoll!
You kill the gnoll!
The gnoll hits you with a +0 flail. The gnoll barely misses you.
The gnoll hits you but does no damage. The gnoll hits you with a +0 flail.
You block the gnoll's attack.
You are too injured to fight recklessly!
You are too injured to fight recklessly!
You are too injured to fight recklessly!
You are too injured to fight recklessly!
You are too injured to fight recklessly!
You are too injured to fight recklessly!
You are too injured to fight recklessly!
You are too injured to fight recklessly!
You are too injured to fight recklessly!
You are too injured to fight recklessly!
You are too injured to fight recklessly!
You are too injured to fight recklessly!
You are too injured to fight recklessly!
You are too injured to fight recklessly!
Unknown command.
The gnoll throws a throwing net.
The throwing net hits you.
You become entangled in the net!
You see here a throwing net.
You struggle against the net.
The gnoll hits you from afar with a +0 spear.
The gnoll barely misses you.
Unknown command.
You struggle against the net.
The gnoll hits you but does no damage. The gnoll hits you with a +0 flail!
* * * LOW HITPOINT WARNING * * *
The gnoll hits you from afar with a +0 spear.
* * * LOW HITPOINT WARNING * * *
You struggle against the net.
The gnoll hits you but does no damage. The gnoll barely misses you.
The gnoll hits you but does no damage.
You rip the net and break free!
The gnoll hits you but does no damage. The gnoll hits you with a +0 flail.
You die...

#.#.....##...
#.#.....>...###### #
#........##.#..... .
.#####........†....#### .
..............#...##..## .
.........?........#..._###.
......).......###.#....##..
........g.g...# .+.⌠._P#.#
.......[g.@...#####.P..#...
.........#.##.....#P.._....
.........#.####...##.P###..
..?......... #....#P####..
###............†###..##....
#.............# ##.#.....
............).####....#..
##..................
<......####....###


You could see 3 gnolls.

Vanquished Creatures
  4 gnolls
  An adder (D:2)
  3 dart slugs
  4 endoplasms
  5 goblins
  6 hobgoblins
  7 jackals (D:2)
  3 kobolds
  3 quokkas
  4 ball pythons
  7 bats
  4 frilled lizards
  6 rats
57 creatures vanquished.

Notes
Turn   | Place    | Note
-------+----------+-------------------------------------------
     0 | D:1      | leviel the Gargoyle Fighter began the quest for the Orb.
     0 | D:1      | Reached XP level 1. HP: 14/14 MP: 1/1
   107 | D:1      | Reached XP level 2. HP: 19/19 MP: 2/2
   575 | D:1      | Reached XP level 3. HP: 23/23 MP: 3/3
   707 | D:2      | Found a shimmering blue altar of Sif Muna.
   765 | D:2      | Found a shadowy altar of Dithmenos.
   988 | D:2      | Found a shimmering blue altar of Sif Muna.
  1061 | D:2      | Reached XP level 4. HP: 20/28 MP: 4/4
  1760 | D:3      | Found a glowing golden altar of the Shining One.
  1760 | D:3      | Found a bloodstained altar of Trog.
  1763 | D:3      | Found an iron altar of Okawaru.
  1787 | D:3      | Became a worshipper of the Shining One
  1843 | D:3      | HP: 1/29 [gnoll/+0 spear (1)]
  1845 | D:3      | Slain by a gnoll

Illustrated notes

Levels and vault maps discovered:
D:1:      nzn_arrival_water_spiral, layout_loops_ring
D:2:      layout_loops_ring, nicolae_sif_muna_little_library,
          nicolae_dithmenos_through_a_glass_darkly, lemuel_blue_sif_altar
D:3:      layout_rooms, gammafunk_temple_overflow_forgotten

Skill      XL: |  1  2  3  4 |
---------------+-------------+-----
Long Blades    | 2 3 |  3.2
Fighting       | |  3.7
Throwing       | |  0.9
Armour         | |  3.7
Dodging        | |  0.2
Shields        | |  3.9

Action                   |  1- 3 |  4- 6 || total
-------------------------+-------+-------++-------
Melee: Long sword        |    86 |    75 ||   161
Throw: Javelin           |    12 |       ||    12
  Use: Potion            |       |     1 ||     1
Armor: Scale mail        |    59 |    51 ||   110
Dodge: Dodged            |    24 |    37 ||    61
Block: Kite shield       |    49 |    53 ||   102
       Rpst.: Long sword |     6 |    12 ||    18

Table legend: (Time is in decaauts)
 A = Elapsed time spent in this place.
 B = Non-inter-level travel time spent in this place.
 C = Inter-level travel time spent in this place.
 D = Time resting spent in this place.
 E = Time spent auto-exploring this place.
 F = Levels seen in this place.
 G = Mean time per level.
                   A        B        C        D        E       F      G
               +--------+--------+--------+--------+--------+-----+--------+
         Total |   1938 |   1886 |     52 |     26 |   1431 |   3 |  646.0 |
       Dungeon |   1938 |   1886 |     52 |     26 |   1431 |   3 |  646.0 |
               +--------+--------+--------+--------+--------+-----+--------+

Top non-repeatable levels by time:
     D:2: 1079 daAuts
     D:1: 713 daAuts
     D:3: 146 daAuts
